 Dungeon Crawl Stone Soup version 0.30-a0-415-g685d318daa (webtiles) character file.

Game seed: 5984821794477663115

504 Bnni the Shield-Bearer (level 6, -14/49 HPs)
             Began as a Demonspawn Fighter on Dec 8, 2022.
             Demolished by Edmund
             ... wielding a +2 dire flail of protection
              (22 damage)
             ... on level 5 of the Dungeon.
             The game lasted 00:05:53 (4223 turns).

Bnni the Shield-Bearer (Demonspawn Fighter)         Turns: 4223, Time: 00:05:53

Health: -14/49     AC: 11    Str: 19    XL:     6   Next: 96%
Magic:  6/6        EV:  5    Int: 11    God:
Gold:   425        SH:  9    Dex: 12    Spells: 5/5 levels left

rFire   + . .      SeeInvis .    a - +0 trident
rCold   . . .      Faith    .    c - +0 buckler
rNeg    + . .      Spirit   .    h - +0 plate armour
rPois   .          Reflect  .    (no helmet)
rElec   .          Harm     .    (no cloak)
rCorr   .          Rampage  .    (no gloves)
Will    .....                    (no boots)
Stlth   ..........               (no amulet)
HPRegen 0.28/turn                d - ring of positive energy
MPRegen 0.10/turn                l - ring of protection from fire

@: no status effects
A: powered by pain 2, big brain 1, condensation shield
a: no special abilities


You were on level 5 of the Dungeon.
You visited 1 branch of the dungeon, and saw 5 of its levels.

You collected 425 gold pieces.

Inventory:

Hand Weapons
 a - a +0 trident (weapon)
 i - a +2 dagger of venom
Armour
 c - a +0 buckler (worn)
 h - a +0 plate armour (worn)
Jewellery
 d - a ring of positive energy (left hand)
 l - a ring of protection from fire (right hand)
 v - a ring of protection from cold
Wands
 t - a wand of flame (15)
Scrolls
 e - 2 scrolls of amnesia {unknown}
 f - 3 scrolls of blinking {unknown}
 k - a scroll of butterflies {unknown}
 n - a scroll of summoning
 o - 3 scrolls of teleportation
 s - a scroll of brand weapon {unknown}
 w - a scroll of vulnerability {unknown}
 x - a scroll of magic mapping {unknown}
Potions
 b - a potion of haste
 g - 2 potions of curing
 j - a potion of attraction
 m - 2 potions of resistance {unknown}
 p - a potion of mutation
 q - a potion of heal wounds {unknown}
 r - a potion of degeneration {unknown}
 u - a potion of might


   Skills:
 + Level 4.4 Fighting
 * Level 4.5 Polearms
 - Level 2.6 Armour
 - Level 5.0 Shields


You had 5 spell levels left.
You didn't know any spells.
Your spell library contained the following spells:

 Spells                   Type           Power      Damage    Failure   Level
 Foxfire                  Conj/Fire      0%         2x1d4     100%        1
 Gell's Gravitas          Tloc           0%         N/A       100%        3
 Lesser Beckoning         Tloc           0%         N/A       100%        3
 Teleport Other           Tloc           0%         N/A       100%        3
 Fireball                 Conj/Fire      0%         3d3       100%        5
 Starburst                Conj/Fire      0%         6d3       100%        6


Dungeon Overview and Level Annotations

Branches:
Dungeon (5/15)
 Temple: D:4-7

Altars:
Makhleb

Shops:
D:4 *

Annotations:
D:5 Edmund


Innate Abilities, Weirdness & Mutations

You sometimes gain power by taking damage.
You have an unusually large brain. (Int +2)
A meltable shield of frost defends you. (SH +4)


Message History

Found a spear.
You now have 425 gold pieces (gained 11).
x - a scroll labelled QIKITA DOGRAORE
Found 5 large rocks.
Found a stone staircase leading down.
Found a stone staircase leading up.
Found 6 stones.
There is a stone staircase leading up here.
You open the door.
Edmund the Younger comes into view.
He is wielding a +2 dire flail of protection.
Edmund says, "People think my brother is the best.
I think he's crazy."
There is an open door here.
Okay, then.
Edmund drinks a potion.
Edmund goes berserk!
You reach to attack!
You closely miss Edmund. You puncture Edmund!
Edmund is lightly wounded.
Edmund hits you with a +2 dire flail of protection.
Edmund hits you with a +2 dire flail of protection!
You puncture Edmund!
Edmund is moderately wounded.
You block Edmund's attack. Edmund barely misses you.
You hit Edmund.
Edmund is moderately wounded.
Edmund hits you with a +2 dire flail of protection!
You hit Edmund.
Edmund is moderately wounded.
You block Edmund's attack. Edmund barely misses you.
You hit Edmund but do no damage.
Edmund is moderately wounded.
You block Edmund's attack. x2
You barely miss Edmund.
Edmund is moderately wounded.
Edmund hits you with a +2 dire flail of protection.
You barely miss Edmund.
Edmund is moderately wounded.
Edmund hits you with a +2 dire flail of protection!
* * * LOW HITPOINT WARNING * * *
Edmund hits you with a +2 dire flail of protection!!
You die...

#......# #......#
#......# #......#
#......#########
######+##>..............
#...........(..#########
#..................###
#.....@@..########...#
########'#...........#
#.#.######+##.#
#.#.........<.###
#...........#....
####..(.....#####
#........# #. #........#
#. #........# #.


You could see Edmund (berserk).

Vanquished Creatures
  An ogre (D:5)
  A centaur (D:5)
  3 electric eels (D:4)
  2 hounds (D:5)
  An iguana (D:5)
  4 gnolls
  4 adders
  3 worms
  A dart slug (D:1)
  3 orcs
  7 ball pythons
  5 endoplasms
  7 giant cockroaches
  6 goblins
  5 hobgoblins
  3 quokkas
  6 bats
  3 frilled lizards
  2 kobolds (D:3)
  2 rats
69 creatures vanquished.

Vanquished Creatures (others)
  2 plants (D:4)
2 creatures vanquished.

Grand Total: 71 creatures vanquished

Notes
Turn   | Place    | Note
-------+----------+-------------------------------------------
     0 | D:1      | Bnni the Demonspawn Fighter began the quest for the Orb.
     0 | D:1      | Reached XP level 1. HP: 18/18 MP: 1/1
   112 | D:1      | Gained mutation: You sometimes gain a little power by
                  | taking damage. [demonic ancestry]
   112 | D:1      | Reached XP level 2. HP: 9/24 MP: 2/2
   116 | D:1      | Reached skill level 3 in Shields
   882 | D:2      | Gained mutation: You sometimes gain power by taking damage.
                  | [demonic ancestry]
   882 | D:2      | Reached XP level 3. HP: 29/29 MP: 3/3
  1214 | D:2      | Found a faded altar of an unknown god.
  1441 | D:3      | HP: 1/29 [hobgoblin (2)]
  1617 | D:3      | Gained mutation: You have an unusually large brain. (Int
                  | +2) [demonic ancestry]
  1617 | D:3      | Reached XP level 4. HP: 35/35 MP: 4/4
  1781 | D:3      | Found a burning altar of Makhleb.
  1781 | D:3      | Noticed a cacodemon
  2824 | D:4      | Found a transporter.
  2869 | D:4      | Found a transporter.
  2997 | D:4      | Found Soriak's Elemental Accessories.
  3606 | D:4      | Reached skill level 4 in Shields
  3606 | D:4      | Reached XP level 5. HP: 42/42 MP: 5/5
  3683 | D:5      | Entered Level 5 of the Dungeon
  3855 | D:5      | Gained mutation: A meltable shield of frost defends you.
                  | (SH +4) [demonic ancestry]
  3855 | D:5      | Reached XP level 6. HP: 43/48 MP: 6/6
  4132 | D:5      | Reached skill level 5 in Shields
  4214 | D:5      | Noticed Edmund
  4223 | D:5      | Demolished by Edmund

Illustrated notes

Levels and vault maps discovered:
D:1:      ncdulo_smallfort, layout_basic, minmay_nonomino_d4
D:2:      layout_rooms, dreamdust_ecumenical_altar_statues
D:3:      layout_loops_corners, makhleb_altar_promises_db, lemuel_flame_loot_1
D:4:      gammafunk_steamed_eel, layout_cave_pods, zin_academy,
          nicolae_elemental_shop
D:5:      layout_basic, nicolae_elevator_lobby_plus, uniq_edmund

Skill      XL: |  1  2  3  4  5  6 |
---------------+-------------------+-----
Polearms       | 2 3 4 |  4.5
Shields        | 3 4 5 |  5.0
Fighting       | 4 |  4.4
Armour         | |  2.6

Action                   |  1- 3 |  4- 6 || total
-------------------------+-------+-------++-------
Melee: Trident           |   189 |   112 ||   301
Evoke: Wand              |       |     3 ||     3
  Use: Potion            |     1 |       ||     1
       Scroll            |       |     7 ||     7
Armor: Scale mail        |    77 |     4 ||    81
       Plate armour      |       |    35 ||    35
Dodge: Dodged            |    86 |    29 ||   115
Block: Buckler           |    37 |    25 ||    62

Table legend: (Time is in decaauts)
 A = Elapsed time spent in this place.
 B = Non-inter-level travel time spent in this place.
 C = Inter-level travel time spent in this place.
 D = Time resting spent in this place.
 E = Time spent auto-exploring this place.
 F = Levels seen in this place.
 G = Mean time per level.
                   A        B        C        D        E       F      G
               +--------+--------+--------+--------+--------+-----+--------+
         Total |   4282 |   4115 |    167 |    686 |   2726 |   5 |  856.4 |
       Dungeon |   4282 |   4115 |    167 |    686 |   2726 |   5 |  856.4 |
               +--------+--------+--------+--------+--------+-----+--------+

Top non-repeatable levels by time:
     D:3: 1305 daAuts
     D:4: 1053 daAuts
     D:1: 894 daAuts
     D:2: 548 daAuts
     D:5: 480 daAuts
